 Dungeon Crawl Stone Soup version 0.20-a0-553-g9f38e11 (webtiles) character file.

282 Asddderdsw the Digger (level 5, 0/39 HPs)
             Began as a Demigod Earth Elementalist on Feb 3, 2017.
             Slain by an orc wizard
             ... wielding a +0 dagger
              (1 damage)
             ... on level 4 of the Dungeon.
             The game lasted 00:18:10 (3868 turns).

Asddderdsw the Digger (Demigod Earth Elementalist)  Turns: 3868, Time: 00:18:11

Health: 0/39       AC:  3    Str: 11    XL:     5   Next: 78%
Magic:  1/11       EV: 12    Int: 21    God:
Gold:   177        SH:  0    Dex: 16    Spells: 3/9 levels left

rFire    . . .     SeeInvis .   u - +0 mace (protect)
rCold    + . .     Gourm    .   i - +0 leather armour {rC+}
rNeg     . . .     Faith    .   (no shield)
rPois    .         Spirit   .   (no helmet)
rElec    .         Reflect  .   (no cloak)
rCorr    .         Harm     .   (no gloves)
MR       .....                  (no boots)
Stlth    ++........             (no amulet)
Regen    0.2/turn               (no ring)
                                (no ring)

@: very slightly contaminated
A: high mp 1
a: no special abilities


You were on level 4 of the Dungeon.
You were not hungry.

You visited 1 branch of the dungeon, and saw 4 of its levels.

You collected 177 gold pieces.

Inventory:

Hand Weapons
 a - a +2 short sword of electrocution
 u - a +0 mace of protection (weapon)
 y - a +1 mace of draining
Missiles
 b - 197 stones (quivered)
 t - 2 throwing nets
Armour
 c - a +0 robe
 i - a +0 leather armour of cold resistance (worn)
Jewellery
 f - an uncursed amulet of rage {unknown}
Scrolls
 h - 3 scrolls of remove curse {unknown}
 j - 2 scrolls of identify {unknown}
 k - 4 scrolls of teleportation {unknown}
 l - 3 scrolls of enchant weapon {unknown}
 n - a scroll of blinking {unknown}
 s - a scroll of immolation {unknown}
 v - a scroll of amnesia {unknown}
 A - 2 scrolls of fog {unknown}
Potions
 o - a potion of might {unknown}
 q - 2 potions of curing {unknown}
 r - a potion of haste
 w - a potion of berserk rage {unknown}
 x - 2 potions of agility {unknown}
 z - a potion of brilliance {unknown}
Books
 e - a book of Geomancy

   Spells                             Type                      Level
   a - Sandblast                      Earth                        1
   b - Passwall                       Transmutation/Earth          2
   c - Stone Arrow                    Conjuration/Earth            3
   d - Petrify                        Transmutation/Earth          4
   e - Lee's Rapid Deconstruction     Earth                        5
 p - a book of Minor Magic

   Spells                             Type                      Level
   a - Magic Dart                     Conjuration                  1
   b - Blink                          Translocation                2
   c - Call Imp                       Summoning                    2
   d - Repel Missiles                 Charms/Air                   2
   e - Slow                           Hexes                        2
   f - Conjure Flame                  Conjuration/Fire             3
   g - Mephitic Cloud                 Conjuration/Poison/Air       3
Comestibles
 d - 3 bread rations
 g - 2 meat rations
 m - a royal jelly
 B - 3 fruits
 C - 8 chunks of flesh


   Skills:
 + Level 0.3 Fighting
 + Level 2.7 Maces & Flails
 + Level 1.4 Armour
 + Level 2.2 Dodging
 + Level 2.4 Stealth
 + Level 2.5 Spellcasting
 + Level 0.8 Conjurations
 + Level 0.8 Transmutations
 + Level 3.8 Earth Magic


You had 3 spell levels left.
You knew the following spells:

 Your Spells              Type           Power        Failure   Level  Hunger
a - Sandblast             Erth           ###...       4%          1    None
b - Passwall              Tmut/Erth      ##........   14%         2    ##.....
c - Stone Arrow           Conj/Erth      ##....       24%         3    ###....


Dungeon Overview and Level Annotations

Branches:
Dungeon (4/15)
 Temple: D:4-7

Annotations:
D:4 1 runed door, Natasha


Innate Abilities, Weirdness & Mutations

You have an increased reservoir of magic. (+10% MP)


Message History

The orc wizard misses you. The orc priest hits you with a club.
* * * LOW HITPOINT WARNING * * *
The orc wizard hits you but does no damage.
The orc barely misses you.
The orc priest looks satisfied for a moment.
You closely miss the orc priest.
The orc priest is severely wounded.
The orc wizard hits you but does no damage.
The orc hits you.
* * * LOW HITPOINT WARNING * * *
The orc wizard barely misses you. The orc priest closely misses you.
Your leather armour prevents you from hitting the orc priest.
The orc priest is severely wounded.
The orc wizard points at you and mumbles some strange words.
The puff of frost hits you! You resist.
* * * LOW HITPOINT WARNING * * *
The orc hits you.
* * * LOW HITPOINT WARNING * * *
The orc wizard hits you with a dagger.
You die...

#. #........# ##..#
#........# #....####
#........# ........###
#.......##
..........#####.....##
.............#####..#
................##..####
.......oo..........###.##
......oo@..........#....#
.......#####.............
....... ####..........
....... ###..#.....
....).# #..#..... .....#
#........ ##### ##.......
#....... ##.......


You could see an orc priest, an orc wizard and 2 orcs.

Vanquished Creatures
  An ogre (D:4)
  An iguana (D:4)
  3 gnolls (D:2)
  2 adders (D:3)
  3 oozes
  An adder skeleton (D:4)
  4 worms
  6 dart slugs
  4 leopard geckos
  9 orcs
  6 bats
  A giant cockroach (D:4)
  6 hobgoblins
  7 jackals (D:4)
  A ball python (D:2)
  5 frilled lizards
  9 goblins
  5 kobolds
  9 rats
83 creatures vanquished.

Notes
Turn   | Place    | Note
-------+----------+-------------------------------------------
     0 | D:1      | Asddderdsw the Demigod Earth Elementalist began the quest for the Orb.
     0 | D:1      | Reached XP level 1. HP: 14/14 MP: 5/5
   177 | D:1      | Reached skill level 3 in Earth Magic
   225 | D:1      | Reached XP level 2. HP: 20/20 MP: 7/7
   401 | D:1      | Learned a level 2 spell: Passwall
  1054 | D:2      | Reached XP level 3. HP: 23/26 MP: 5/8
  1059 | D:2      | Learned a level 3 spell: Stone Arrow
  1475 | D:2      | Reached skill level 1 in Maces & Flails
  1780 | D:2      | Reached skill level 1 in Armour
  1785 | D:2      | Reached XP level 4. HP: 25/33 MP: 0/10
  2513 | D:3      | Found a faded altar of an unknown god.
  3243 | D:4      | Noticed an ogre
  3247 | D:4      | Reached XP level 5. HP: 38/38 MP: 1/11
  3361 | D:4      | Found a runed door.
  3459 | D:4      | Killed an ogre
  3810 | D:4      | Noticed Natasha
  3868 | D:4      | HP: 1/39 [orc (5)]
  3868 | D:4      | Slain by an orc wizard

Vault maps used:
D:1:      grunt_arrival_lava_bath
D:3:      chequers_ecumenical_altar_simple_redux, minivault_26,
          serial_bayou_pond_c, item_on_display_a
D:4:      first_bread, uniq_natasha, uniq_crazy_yiuf_cottage

Skill      XL: |  1  2  3  4  5 |
---------------+----------------+-----
Earth Magic    | 3 |  3.8
Dodging        | 2 |  2.2
Stealth        | 2 |  2.4
Spellcasting   | 2 |  2.5
Maces & Flails | 1 2 |  2.7
Armour         | 1 |  1.4
Fighting       | |  0.3
Conjurations   | |  0.8
Transmutations | |  0.8

Action                   |  1- 3 |  4- 6 || total
-------------------------+-------+-------++-------
Melee: Short sword       |    59 |       ||    59
       Mace              |     7 |   114 ||   121
 Cast: Sandblast         |    19 |     8 ||    27
       Stone Arrow       |     4 |    22 ||    26
       Passwall          |       |     2 ||     2
  Use: Potion            |       |     1 ||     1
 Stab: Sleeping          |     3 |     3 ||     6
  Eat: Chunk             |     3 |    10 ||    13
       Fruit             |       |     1 ||     1
Armor: Robe              |    12 |       ||    12
       Leather armour    |     8 |    60 ||    68
Dodge: Dodged            |    44 |   107 ||   151
